[Event "Titled Tuesday Blitz September 21 2021"]
[White "Salgado Lopez, Ivan"]
[Black "Petrovskyi, Vadym"]
[WhiteFideId "2257327"]
[BlackFideId "14165210"]
[WhiteElo "2605"]
[BlackElo "2334"]
[Result "1/2-1/2"]
[Round "03"]
[TimeControl "180+1"]
[Date "2021.09.21"]
[WhiteClock "0:00:07"]
[BlackClock "0:00:07"]

1. g3 Nf6 2. Bg2 g6 3. b3 Bg7 4. Bb2 O-O 5. c4 d6 6. Nc3 e5 7. e3 Nc6 8. Nge2 Re8 9. h3 a5 10. O-O Bf5 11. d3 h5 12. Qd2 Qd7 13. Kh2 Rad8 14. a3 Be6 15. Nd5 Ne7 16. Nxf6+ Bxf6 17. Qxa5 c6 18. f4 Nf5 19. Qd2 Bg7 20. e4 Nd4 21. Nxd4 exd4 22. Rae1 f5 23. exf5 Bxf5 24. b4 Re3 25. Rf3 Rde8 26. Rfxe3 dxe3 27. Qc2 Bxb2 28. Qxb2 Bxd3 29. Qd4 Qf5 30. Rxe3 Rxe3 31. Qxe3 Bxc4 32. Qe8+ Kg7 33. Qe7+ Kh6 34. Qxd6 Qc2 35. Qd4 Kh7 36. Qc5 Qe2 37. Qe5 Qc2 38. Qe4 Qa2 39. Qe7+ Kh6 40. Qg5+ Kh7 41. g4 Bd5 42. gxh5 gxh5 43. Qxh5+ Kg7 44. Qg5+ Kf8 45. b5 Qf2 46. bxc6 bxc6 47. Qg3 Qd2 48. h4 Bxg2 49. Qxg2 Qxf4+ 50. Qg3 Qd2+ 51. Kh3 Qd7+ 52. Qg4 Qd3+ 53. Qg3 Qd7+ 54. Kg2 Qb7 55. Qf3+ Kg8 56. Kg3 Qc7+ 57. Qf4 Qa5 58. a4 Qc3+ 59. Kg4 c5 60. h5 c4 61. h6 Kh7 62. Kh4 Qd3 63. Kg5 Qd5+ 64. Kg4 Qg2+ 65. Kh4 Qh1+ 66. Kg3 Qg1+ 67. Kh3 Qh1+ 68. Kg3 Qg1+ 69. Kh3 Qh1+ 70. Kg3 1/2-1/2


[Site "https://www.chess.com"]

[Event "Titled Tuesday Blitz September 21 2021"]
[White "Salinas Herrera, Pablo"]
[Black "Ozen, Bahadir"]
[WhiteFideId "3407128"]
[BlackFideId "6337058"]
[WhiteElo "2541"]
[BlackElo "2503"]
[Result "0-1"]
[Round "03"]
[TimeControl "180+1"]
[Date "2021.09.21"]
[WhiteClock "0:00:12"]
[BlackClock "0:00:13"]

1. d4 d5 2. Nf3 Nf6 3. c4 c6 4. e3 e6 5. Bd3 dxc4 6. Bxc4 c5 7. O-O a6 8. Bb3 b5 9. a4 Bb7 10. axb5 axb5 11. Rxa8 Bxa8 12. Na3 c4 13. Bc2 Bxa3 14. bxa3 O-O 15. Qe2 Be4 16. a4 Qa5 17. axb5 Qxb5 18. Ba3 Bxc2 19. Qxc2 Rc8 20. Rb1 Qa6 21. Bb4 Nbd7 22. e4 h6 23. Bc3 Qc6 24. Nd2 Nb6 25. Rb4 Ra8 26. f3 Nh5 27. Qb1 Ra6 28. g3 Nf6 29. Kf2 Nfd7 30. Qf1 Ra3 31. Qc1 Ra4 32. Qb2 Rxb4 33. Qxb4 f5 34. Qe7 fxe4 35. fxe4 Nf6 36. Kf3 Na4 37. Qb4 Nb6 38. h3 Kh7 39. g4 Ng8 40. Ke3 Nf6 41. Qc5 Qb7 42. Qb4 Nbd5+ 0-1


[Site "https://www.chess.com"]

[Event "Titled Tuesday Blitz September 21 2021"]
[White "Savchenko, Boris"]
[Black "Mezentsev, Ivan"]
[WhiteFideId "4147332"]
[BlackFideId "13706195"]
[WhiteElo "2543"]
[BlackElo "2295"]
[Result "1/2-1/2"]
[Round "03"]
[TimeControl "180+1"]
[Date "2021.09.21"]
[WhiteClock "0:00:51"]
[BlackClock "0:00:07"]

1. e4 c5 2. Nf3 e6 3. c3 Nf6 4. e5 Nd5 5. Bc4 d6 6. d4 cxd4 7. cxd4 Be7 8. O-O Nc6 9. Re1 a6 10. Qe2 b5 11. Bxd5 exd5 12. Nc3 Be6 13. exd6 Qxd6 14. Bg5 h6 15. Bxe7 Nxe7 16. Ne5 O-O 17. Rad1 Nf5 18. g4 Nh4 19. f3 f6 20. Ng6 Nxg6 21. Qxe6+ Qxe6 22. Rxe6 Nf4 23. Re7 Rf7 24. Rde1 Kf8 25. Rxf7+ Kxf7 26. a3 Rc8 27. Rd1 Ke6 28. Kf2 Kd6 29. Ke3 g5 30. Rh1 h5 31. gxh5 Rh8 32. a4 b4 33. Na2 a5 34. Nc1 Nxh5 35. Nb3 Ng3 36. Rb1 Rxh2 37. Nxa5 Nf5+ 38. Kd3 Rf2 39. Nb7+ Kc7 40. Nc5 Rxf3+ 41. Kd2 Nxd4 42. Nd3 Nc6 43. Rh1 Kb6 44. Rh8 g4 45. Rg8 f5 46. Rg6 Kc7 47. Rg7+ Kb6 48. Rg6 Kc7 49. Rg7+ Kc8 50. Ke2 Nd4+ 51. Kd2 g3 52. a5 Nb3+ 53. Ke2 Nd4+ 54. Kd2 Nb3+ 55. Ke2 Nd4+ 56. Kd2 1/2-1/2


[Site "https://www.chess.com"]

[Event "Titled Tuesday Blitz September 21 2021"]
[White "Schut, Han"]
[Black "Leitao, Rafael"]
[WhiteFideId "1005561"]
[BlackFideId "2101246"]
[WhiteElo "2057"]
[BlackElo "2609"]
[Result "0-1"]
[Round "03"]
[TimeControl "180+1"]
[Date "2021.09.21"]
[WhiteClock "0:00:27"]
[BlackClock "0:00:26"]

1. e4 e5 2. Nf3 Nc6 3. Bc4 Nf6 4. d4 exd4 5. e5 Ne4 6. Qe2 Nc5 7. c3 d3 8. Qe3 Be7 9. b4 Ne6 10. Bxd3 d6 11. O-O Nxe5 12. Nxe5 dxe5 13. Rd1 Bd6 14. c4 c5 15. Bf5 Qf6 16. Bxe6 Bxe6 17. Nc3 Be7 18. Ne4 Qg6 19. bxc5 O-O 20. Bb2 f5 21. Nd6 f4 22. Qxe5 f3 23. g3 Qh6 24. Re1 Rf6 25. Ne4 Qh3 26. Nxf6+ Kh8 0-1


[Site "https://www.chess.com"]

[Event "Titled Tuesday Blitz September 21 2021"]
[White "Sharma, Dinesh K."]
[Black "Tristan, Leonardo"]
[WhiteFideId "5004110"]
[BlackFideId "113816"]
[WhiteElo "2392"]
[BlackElo "2404"]
[Result "1-0"]
[Round "03"]
[TimeControl "180+1"]
[Date "2021.09.21"]
[WhiteClock "0:00:54"]
[BlackClock "0:00:01"]

1. e4 d5 2. exd5 Qxd5 3. Nf3 Bg4 4. Be2 Nc6 5. d4 O-O-O 6. c4 Qf5 7. d5 e6 8. Nc3 Nf6 9. h3 Bxf3 10. Bxf3 Ne5 11. Be2 exd5 12. cxd5 Bb4 13. O-O Bxc3 14. bxc3 Nxd5 15. Qb3 Rd6 16. c4 Nf6 17. c5 Rc6 18. Rb1 b6 19. Be3 Kb8 20. Rfc1 Qe6 21. cxb6 cxb6 22. Bf4 Rxc1+ 23. Rxc1 Re8 24. Qxe6 Rxe6 25. Ba6 Re8 26. Bxe5+ Ka8 27. Bxf6 gxf6 28. Rc8+ Rxc8 29. Bxc8 Kb8 30. Ba6 Kc7 31. Bc4 Kd6 32. Bxf7 Kc5 33. g4 Kb4 34. Kg2 Ka3 35. f4 b5 36. h4 b4 37. g5 fxg5 38. fxg5 a5 39. h5 a4 40. g6 hxg6 41. hxg6 Kb2 42. g7 b3 43. Bxb3 a3 44. g8=Q Ka1 45. Qc4 Kb2 46. Qc2+ Ka1 47. Qc1# 1-0


[Site "https://www.chess.com"]

[Event "Titled Tuesday Blitz September 21 2021"]
[White "Shipov, Sergei"]
[Black "Volkov, Maksim"]
[WhiteFideId "4113624"]
[BlackFideId "54123070"]
[WhiteElo "2799"]
[BlackElo "2113"]
[Result "1-0"]
[Round "03"]
[TimeControl "180+1"]
[Date "2021.09.21"]
[WhiteClock "0:02:30"]
[BlackClock "0:02:06"]

1. d4 d5 2. c4 e6 3. Nc3 c6 4. e4 dxe4 5. Nxe4 Bb4+ 6. Bd2 Qxd4 7. Bxb4 Qxe4+ 8. Be2 Na6 9. Ba5 b6 10. Qd6 Bd7 11. Rd1 Rd8 12. Bc3 f6 13. Nf3 Nh6 14. Qa3 Nc5 15. b4 Nb7 16. Qxa7 c5 17. Nd2 Qxc4 18. Nxc4 1-0


[Site "https://www.chess.com"]

[Event "Titled Tuesday Blitz September 21 2021"]
[White "Shkapenko, Pavel"]
[Black "Shvedova, Alexandra"]
[WhiteFideId "4151933"]
[BlackFideId "54154782"]
[WhiteElo "2386"]
[BlackElo "1887"]
[Result "1-0"]
[Round "03"]
[TimeControl "180+1"]
[Date "2021.09.21"]
[WhiteClock "0:01:42"]
[BlackClock "0:01:28"]

1. e4 e5 2. Nf3 Nc6 3. g3 Nf6 4. d3 d5 5. exd5 Nxd5 6. Bg2 Bc5 7. O-O O-O 8. Bd2 f6 9. Nc3 a6 10. Nxe5 Nxc3 11. Nxc6 Nxd1 12. Nxd8 Nxf2 13. Nxb7 Nxd3+ 14. Nxc5 Nxc5 15. Bxa8 Be6 16. Bg2 Rb8 17. b3 c6 18. Rfe1 Bd5 19. Bxd5+ cxd5 20. Re7 Ne4 21. Be3 Rc8 22. c4 Kf8 23. Re6 Kf7 24. cxd5 Nc3 25. Rxa6 Nxd5 26. Rc1 Re8 27. Bf2 Kg8 28. Kf1 f5 29. Rd6 Nb4 30. a3 Na2 31. Rc2 1-0


[Site "https://www.chess.com"]

[Event "Titled Tuesday Blitz September 21 2021"]
[White "Sjugirov, Sanan"]
[Black "Madaminov, Mukhiddin"]
[WhiteFideId "4189302"]
[BlackFideId "14210703"]
[WhiteElo "2654"]
[BlackElo "1855"]
[Result "1/2-1/2"]
[Round "03"]
[TimeControl "180+1"]
[Date "2021.09.21"]
[WhiteClock "0:00:04"]
[BlackClock "0:00:21"]

1. d4 Nf6 2. c4 e6 3. Nf3 d5 4. g3 dxc4 5. Bg2 a6 6. O-O Nc6 7. Nc3 Be7 8. e4 O-O 9. Qe2 b5 10. Rd1 Nb4 11. Ne5 Nd7 12. b3 Nxe5 13. dxe5 Nd3 14. bxc4 bxc4 15. Be3 Bb4 16. Qc2 Qe8 17. Rab1 Qc6 18. Ne2 a5 19. Rxd3 Ba6 20. Rdd1 Rfd8 21. Nd4 Qe8 22. Bf1 c5 23. Nf3 Rd3 24. Bxd3 cxd3 25. Rxd3 Bxd3 26. Qxd3 Rd8 27. Qc2 h6 28. Nd2 Bxd2 29. Bxd2 Qc6 30. Bxa5 Ra8 31. Bc3 c4 32. Rb4 Ra3 33. h4 Qa6 34. Rb2 Qc6 35. Rb1 Qa6 36. Ra1 Qb5 37. Qb2 Qa6 38. Kg2 Qa8 39. Kh2 Qa4 40. Qb4 Qa7 41. Kg2 Ra4 42. Qb5 Qa8 43. Re1 Rxa2 44. Qxc4 Rc2 45. Qd3 Qa2 46. Rf1 Qb3 47. Qd8+ Kh7 48. Bd4 Qd3 49. Qd6 Rd2 50. Qe7 Qxe4+ 51. Kg1 Qxd4 52. Qxf7 Qxe5 53. Qf3 Qf5 54. Qe3 Rd3 55. Qe2 Rf3 56. Re1 e5 57. Kg2 e4 58. Qxe4 Rxf2+ 59. Kg1 Rf1+ 60. Kg2 Rf2+ 61. Kg1 Rf1+ 62. Kg2 Rf2+ 1/2-1/2


[Site "https://www.chess.com"]

[Event "Titled Tuesday Blitz September 21 2021"]
[White "Sorokin, Aleksey"]
[Black "Tomb, Maroun"]
[WhiteFideId "24176460"]
[BlackFideId "5300398"]
[WhiteElo "2476"]
[BlackElo "2592"]
[Result "1-0"]
[Round "03"]
[TimeControl "180+1"]
[Date "2021.09.21"]
[WhiteClock "0:01:46"]
[BlackClock "0:00:06"]

1. d4 d6 2. Nf3 Nf6 3. c4 Nbd7 4. Nc3 e5 5. e4 Be7 6. Be2 c6 7. O-O a5 8. Be3 O-O 9. Qc2 a4 10. dxe5 dxe5 11. Nxa4 Nxe4 12. Qxe4 Rxa4 13. Nxe5 Nxe5 14. Qxe5 Bf6 15. Qc5 Bxb2 16. Rad1 Qa5 17. Qd6 Be6 18. Bc5 Re8 19. Bd3 Ba3 20. Bxa3 Rxa3 21. f4 Bg4 22. Rde1 Rd8 23. Re5 Qb6+ 24. c5 g6 25. Re8+ Kg7 26. Rxd8 Qb2 27. Qf8+ 1-0


[Site "https://www.chess.com"]

[Event "Titled Tuesday Blitz September 21 2021"]
[White "Spyropoulos, Nikolaos"]
[Black "Dobrov, Vladimir"]
[WhiteFideId "4298977"]
[BlackFideId "4136594"]
[WhiteElo "2159"]
[BlackElo "2614"]
[Result "0-1"]
[Round "03"]
[TimeControl "180+1"]
[Date "2021.09.21"]
[WhiteClock "0:00:20"]
[BlackClock "0:00:50"]

1. d4 Nf6 2. Nf3 e6 3. Bg5 c5 4. e3 h6 5. Bh4 b6 6. Nbd2 Bb7 7. Bd3 cxd4 8. exd4 Be7 9. c3 d6 10. Bxf6 Bxf6 11. Qe2 a6 12. O-O-O Nd7 13. Kb1 b5 14. h4 Qc7 15. Rc1 Nb6 16. g4 Nc4 17. Rh3 Nxd2+ 18. Qxd2 Bxf3 19. Rxf3 Bxh4 20. Qe2 d5 21. Bg6 O-O 22. Bc2 Bg5 23. Rh1 Rae8 24. Qd3 g6 25. a3 e5 26. dxe5 Rxe5 27. Rfh3 Rfe8 28. Ka2 Qc4+ 29. Qxc4 dxc4 0-1


[Site "https://www.chess.com"]

[Event "Titled Tuesday Blitz September 21 2021"]
[White "Stoyanov, Tsvetan"]
[Black "Nesterov, Arseniy"]
[WhiteFideId "2917173"]
[BlackFideId "24198455"]
[WhiteElo "2191"]
[BlackElo "2494"]
[Result "0-1"]
[Round "03"]
[TimeControl "180+1"]
[Date "2021.09.21"]
[WhiteClock "0:00:03"]
[BlackClock "0:00:09"]

1. c4 e5 2. Nc3 Bb4 3. Nd5 Bc5 4. e3 Nf6 5. Nf3 Nxd5 6. cxd5 d6 7. d4 Bb4+ 8. Bd2 Bxd2+ 9. Qxd2 e4 10. Ng1 O-O 11. Ne2 Nd7 12. Nc3 Nf6 13. Be2 Bf5 14. h3 h6 15. g4 Bg6 16. h4 Nd7 17. O-O-O c6 18. Kb1 a5 19. Rdg1 a4 20. g5 h5 21. a3 Qa5 22. Qd1 cxd5 23. Bxh5 Rfc8 24. Bg4 Rxc3 25. bxc3 Qxc3 26. Bxd7 Ra6 27. Qc1 Rb6+ 28. Ka2 Qd3 29. h5 Qe2+ 30. Ka1 Bxh5 31. Rxh5 Qxh5 32. Qc8+ Kh7 33. Bf5+ g6 34. Bg4 Qh2 35. Qd7 Qxg1+ 0-1


[Site "https://www.chess.com"]

[Event "Titled Tuesday Blitz September 21 2021"]
[White "Swapnil, S. Dhopade"]
[Black "Rodchenkov, Vitaly"]
[WhiteFideId "5019184"]
[BlackFideId "4152964"]
[WhiteElo "2402"]
[BlackElo "2337"]
[Result "1-0"]
[Round "03"]
[TimeControl "180+1"]
[Date "2021.09.21"]
[WhiteClock "0:01:20"]
[BlackClock "0:02:11"]

1. Nf3 Nf6 2. g3 b5 3. Na3 b4 4. Nc4 d5 5. Nce5 Bb7 6. Bg2 c5 7. O-O Nbd7 8. c4 d4 9. Qa4 e6 10. e3 Bd6 11. exd4 cxd4 12. Nxd7 Qxd7 13. Qxd7+ Kxd7 14. Nxd4 Bxg2 15. Kxg2 Rhc8 16. d3 e5 17. Nf5 Bf8 18. Re1 g6 19. Bg5 Ke6 20. Nd4+ Ke7 21. Rxe5+ 1-0


[Site "https://www.chess.com"]

[Event "Titled Tuesday Blitz September 21 2021"]
[White "Swicarz, Maciej"]
[Black "Babazada, Khazar"]
[WhiteFideId "1113585"]
[BlackFideId "13413554"]
[WhiteElo "2153"]
[BlackElo "2315"]
[Result "0-1"]
[Round "03"]
[TimeControl "180+1"]
[Date "2021.09.21"]
[WhiteClock "0:00:22"]
[BlackClock "0:00:32"]

1. c4 Nf6 2. Nc3 g6 3. e4 e5 4. Nf3 Nc6 5. d3 Bg7 6. g3 O-O 7. Bg2 d6 8. O-O Nd7 9. Nh4 Nc5 10. Rb1 a5 11. a3 a4 12. Be3 Nd4 13. Nf3 Bg4 14. Bxd4 exd4 15. Ne2 Ra6 16. Qc2 Nb3 17. h3 Bd7 18. Nd2 Nxd2 19. Qxd2 Rb6 20. f4 c5 21. g4 f5 22. exf5 gxf5 23. Bd5+ Kh8 24. g5 Re8 25. Ng3 Re3 26. Kg2 Qe8 27. Kf2 Rb3 28. Rfe1 Be6 29. Bxe6 Qxe6 30. Re2 d5 31. Rc1 dxc4 32. Rxc4 Qd5 33. Rxe3 dxe3+ 34. Kxe3 Bd4+ 35. Rxd4 Qxd4+ 36. Ke2 Rxb2 0-1


[Site "https://www.chess.com"]

[Event "Titled Tuesday Blitz September 21 2021"]
[White "Szpar, Milosz"]
[Black "Khusnutdinov, Rustam"]
[WhiteFideId "1184989"]
[BlackFideId "13701703"]
[WhiteElo "2282"]
[BlackElo "2571"]
[Result "0-1"]
[Round "03"]
[TimeControl "180+1"]
[Date "2021.09.21"]
[WhiteClock "0:00:13"]
[BlackClock "0:01:26"]

1. e4 e5 2. Nf3 Nf6 3. d4 Nxe4 4. Bd3 d5 5. Nxe5 Nd7 6. Nxd7 Bxd7 7. O-O Bd6 8. Qh5 Qf6 9. Qxd5 Bc6 10. Bb5 O-O-O 11. Bxc6 Bxh2+ 12. Kxh2 Rxd5 13. Bxd5 Qd6+ 14. Kg1 Qxd5 15. Be3 Re8 16. Rd1 Qh5 17. Nd2 Nf6 18. Nf3 Nd5 19. Re1 Qf5 20. Rac1 Re6 21. Ne5 Rb6 22. b3 Rf6 23. g4 Qe6 24. Bg5 Rg6 25. Nxg6 Qxg4+ 26. Kf1 Qxg5 27. Nf8 b6 28. c4 Nf4 29. Re8+ Kb7 30. Rc3 Qg2+ 31. Ke1 Qg1+ 32. Kd2 Qxf2+ 33. Kd1 Qxd4+ 34. Kc2 Qf2+ 35. Kb1 g5 36. Nd7 Qd4 37. Re4 Qxe4+ 38. Kb2 Qd4 0-1


[Site "https://www.chess.com"]

[Event "Titled Tuesday Blitz September 21 2021"]
[White "Taboas Rodriguez, Daniel"]
[Black "Suarez Uriel, Adrian"]
[WhiteFideId "2208466"]
[BlackFideId "22230874"]
[WhiteElo "2429"]
[BlackElo "2300"]
[Result "0-1"]
[Round "03"]
[TimeControl "180+1"]
[Date "2021.09.21"]
[WhiteClock "0:00:12"]
[BlackClock "0:00:12"]

1. d4 Nf6 2. Nf3 g6 3. c4 Bg7 4. Nc3 d5 5. cxd5 Nxd5 6. e4 Nxc3 7. bxc3 c5 8. Be3 O-O 9. Be2 b6 10. O-O Qc7 11. Qd2 Bb7 12. e5 Nc6 13. Bh6 Rfd8 14. Bxg7 Kxg7 15. Qf4 h6 16. d5 Rxd5 17. Bc4 Na5 18. Bxd5 Bxd5 19. Rad1 Qb7 20. Rfe1 Bxa2 21. h4 Be6 22. Rd3 c4 23. Rde3 Nb3 24. h5 a5 25. Nh4 g5 26. Nf5+ Kh7 27. Qg4 a4 28. Rf3 a3 29. Qg3 a2 30. Kh2 a1=Q 31. Rxa1 Rxa1 32. Nxh6 Kxh6 33. Re3 Qd5 34. f4 g4 35. f5 Rf1 36. fxe6 Qxe6 37. Re4 Nc5 38. Rxg4 Nd3 39. Qe3+ Kh7 40. Qe4+ f5 41. exf6+ Qxe4 42. Rxe4 exf6 43. Rxc4 Rc1 44. Rc6 b5 45. Rxf6 Rxc3 46. Rb6 b4 47. g4 Rc4 48. g5 Rh4+ 49. Kg3 Rxh5 50. Kg4 Rh1 51. Rb7+ Kg8 52. Rd7 Rd1 53. Kf5 b3 54. Rb7 b2 55. Kg6 Ne5+ 56. Kf6 b1=Q 57. Rxb1 Rxb1 58. Kxe5 Rb5+ 59. Kf6 Kf8 60. Kg6 Kg8 61. Kh6 Rb6+ 62. g6 Kh8 63. Kg5 Kg7 64. Kf5 Rxg6 65. Ke5 Rf6 66. Kd5 Kf7 67. Kd4 Re6 68. Kd3 Kf6 69. Kd2 Re5 70. Kc2 Kf5 0-1


[Site "https://www.chess.com"]

[Event "Titled Tuesday Blitz September 21 2021"]
[White "Tang, Andrew"]
[Black "Srihari L R"]
[WhiteFideId "2059630"]
[BlackFideId "46617116"]
[WhiteElo "2983"]
[BlackElo "2709"]
[Result "1-0"]
[Round "03"]
[TimeControl "180+1"]
[Date "2021.09.21"]
[WhiteClock "0:00:41"]
[BlackClock "0:00:12"]

1. d4 d5 2. Bf4 Bf5 3. c4 e6 4. Nc3 Nc6 5. e3 Nf6 6. Qb3 Nb4 7. Rc1 c5 8. cxd5 exd5 9. dxc5 Bxc5 10. a3 Nc2+ 11. Rxc2 Bxc2 12. Bb5+ Kf8 13. Qxc2 a6 14. Be2 d4 15. exd4 Qxd4 16. Bg3 Re8 17. Nf3 Qd7 18. O-O h5 19. Bc4 b5 20. Ba2 Qa7 21. Ne5 h4 22. Bf4 Nh5 23. Qf5 Nxf4 24. Nxf7 Rh5 25. Ng5+ 1-0


[Site "https://www.chess.com"]

[Event "Titled Tuesday Blitz September 21 2021"]
[White "Tang, Zoey"]
[Black "Tsvetkov, Andrey"]
[WhiteFideId "30952530"]
[BlackFideId "34139360"]
[WhiteElo "1636"]
[BlackElo "2280"]
[Result "0-1"]
[Round "03"]
[TimeControl "180+1"]
[Date "2021.09.21"]
[WhiteClock "0:00:03"]
[BlackClock "0:00:06"]

1. d4 Nf6 2. Bg5 d5 3. e3 c5 4. Bxf6 gxf6 5. dxc5 e5 6. c4 d4 7. exd4 exd4 8. Nf3 Bxc5 9. Be2 Nc6 10. O-O Rg8 11. Kh1 Be6 12. Re1 Qd7 13. Nbd2 O-O-O 14. a3 d3 15. Ne4 Bb6 16. Bf1 Rg6 17. c5 Bc7 18. Re3 f5 19. Nd6+ Bxd6 20. Rxd3 Bc4 21. Rxd6 Rxd6 22. cxd6 Bxf1 23. Qxf1 Qxd6 24. h3 Kb8 25. Qe2 Qc5 26. b4 Qc3 27. Qe1 Qb2 28. Rd1 Rxd1 29. Qxd1 Qxa3 30. Qd6+ Ka8 31. Qf8+ Nb8 32. Kh2 Qa2 33. Kg1 Qe6 34. Ng5 Qe1+ 35. Kh2 Qxf2 36. Nxf7 f4 37. Nd6 Qg3+ 38. Kg1 Qe1+ 39. Kh2 Qxb4 40. Qe7 a6 41. Qc7 Nc6 42. Nc8 a5 43. Nb6+ Ka7 44. Nc8+ Ka6 45. Qd7 f3 46. Qd3+ Qb5 47. Qxf3 Qe5+ 48. Kh1 Qe1+ 49. Kh2 Qe5+ 50. Kh1 a4 51. Qa3 Qe1+ 52. Kh2 Qe5+ 53. Kh1 b5 54. Nd6 Qe1+ 55. Kh2 Qb4 56. Qd3 a3 57. Qd5 Qf4+ 58. Kh1 Qc1+ 59. Kh2 Kb6 60. Nc8+ Kc7 61. Nd6 Qf4+ 62. Kh1 Qxd6 0-1


[Site "https://www.chess.com"]

[Event "Titled Tuesday Blitz September 21 2021"]
[White "Timmermans, Mark"]
[Black "Devaev, Alexander"]
[WhiteFideId "1026399"]
[BlackFideId "4169395"]
[WhiteElo "2460"]
[BlackElo "2185"]
[Result "1-0"]
[Round "03"]
[TimeControl "180+1"]
[Date "2021.09.21"]
[WhiteClock "0:00:13"]
[BlackClock "0:00:12"]

1. b4 d5 2. Bb2 c6 3. e3 Bf5 4. c4 Nf6 5. a4 e6 6. b5 Bd6 7. Nf3 O-O 8. Be2 Nbd7 9. O-O Qc7 10. h3 cxb5 11. cxb5 Rfc8 12. Nc3 Nc5 13. Nd4 Bd3 14. Rc1 Qd7 15. Nb3 Bxe2 16. Nxc5 Bxd1 17. Nxd7 Bh5 18. Nxf6+ gxf6 19. g4 Bg6 20. f4 Bd3 21. Rfe1 Rc4 22. Ra1 Rac8 23. Nd1 Be7 24. Nf2 Bc2 25. a5 Ba4 26. b6 a6 27. Bc3 Bb5 28. Reb1 R8c6 29. Kg2 Rc8 30. Kf3 Kf8 31. h4 h6 32. Rg1 Bc5 33. Bxf6 d4 34. g5 dxe3 35. dxe3 hxg5 36. Rxg5 Bc6+ 37. Kg3 Bxe3 38. Be5 Bxf2+ 39. Kxf2 Be4 40. Rd1 Rc2+ 41. Ke3 Bf5 42. Rdg1 Ke7 43. Rg8 Rxg8 44. Rxg8 Rh2 45. Rb8 Rh3+ 46. Kd4 Rd3+ 47. Kc4 Rd7 48. Bc7 f6 49. Rxb7 Be4 50. Rb8 Bd3+ 51. Kc3 Be4 52. h5 Kf7 53. h6 Kg6 54. Re8 Kxh6 55. Rxe6 Bd5 56. Rxf6+ Kh5 57. Rd6 Rxd6 58. Bxd6 Kg4 59. Kd4 Bb7 60. Ke5 Kh5 61. Ke6 Kh6 62. Kd7 Kh7 63. Kc7 Bd5 64. b7 Kg6 65. b8=Q Be6 66. Qe8+ 1-0


[Site "https://www.chess.com"]

[Event "Titled Tuesday Blitz September 21 2021"]
[White "Tsaruk, Maksim"]
[Black "Perez Ponsa, Federico"]
[WhiteFideId "13511173"]
[BlackFideId "117927"]
[WhiteElo "2195"]
[BlackElo "2672"]
[Result "0-1"]
[Round "03"]
[TimeControl "180+1"]
[Date "2021.09.21"]
[WhiteClock "0:00:02"]
[BlackClock "0:01:01"]

1. e4 c5 2. Nf3 d6 3. d4 cxd4 4. Nxd4 Nf6 5. Nc3 a6 6. g3 e5 7. Nb3 Be7 8. Bg2 b5 9. O-O Nbd7 10. a4 b4 11. Nd5 Nxd5 12. Qxd5 Qc7 13. Qxa8 Nb6 14. Qxc8+ Qxc8 15. Be3 Nc4 16. Bc1 O-O 17. Rd1 h6 18. h4 Nxb2 19. Bxb2 Qxc2 20. Na5 Qxb2 21. Rdb1 Qe2 22. Re1 Qg4 23. Nc6 Bf6 24. Nxb4 Ra8 25. a5 g5 26. hxg5 Bxg5 27. Red1 h5 28. Rxd6 Be7 29. Rxa6 Rxa6 30. Nxa6 Qe2 31. Bf1 Qb2 32. Rd1 h4 33. g4 h3 34. Bxh3 Qe2 35. Rd7 Bh4 0-1


[Site "https://www.chess.com"]

[Event "Titled Tuesday Blitz September 21 2021"]
[White "Vakhlamov, Igor L."]
[Black "Vasli, Aref"]
[WhiteFideId "24126748"]
[BlackFideId "417521"]
[WhiteElo "2416"]
[BlackElo "2257"]
[Result "1-0"]
[Round "03"]
[TimeControl "180+1"]
[Date "2021.09.21"]
[WhiteClock "0:00:04"]
[BlackClock "0:00:06"]

1. e4 e5 2. Nf3 Nc6 3. Nc3 Nf6 4. Bb5 Bb4 5. O-O O-O 6. d3 d6 7. Bg5 Bxc3 8. bxc3 Bd7 9. Rb1 h6 10. Bh4 Rb8 11. Nd2 a6 12. Ba4 b5 13. Bb3 Na5 14. d4 c5 15. Bd5 g5 16. Bg3 Nxd5 17. exd5 f5 18. f3 exd4 19. cxd4 f4 20. Bf2 Nb7 21. dxc5 Nxc5 22. Bxc5 dxc5 23. Ne4 Qb6 24. c4 Bf5 25. Re1 Rbe8 26. Qd3 Re5 27. Kh1 b4 28. d6 Rd8 29. Rbd1 Kf7 30. Qd2 Bxe4 31. Rxe4 Rxe4 32. fxe4 Qc6 33. e5 Qe4 34. Re1 Qxc4 35. e6+ Ke8 36. d7+ Ke7 37. Qb2 Qc3 38. Qb1 f3 39. Qh7+ Kd6 40. Rd1+ Kc7 41. Qe4 fxg2+ 42. Kxg2 Qb2+ 43. Kh1 Qxa2 44. e7 Rxd7 45. Rxd7+ Kxd7 46. e8=Q+ Kc7 47. Q4c6# 1-0


[Site "https://www.chess.com"]

[Event "Titled Tuesday Blitz September 21 2021"]
[White "Vignesh, N R"]
[Black "Hajiyeva, Laman"]
[WhiteFideId "25012215"]
[BlackFideId "13415875"]
[WhiteElo "2395"]
[BlackElo "1728"]
[Result "1-0"]
[Round "03"]
[TimeControl "180+1"]
[Date "2021.09.21"]
[WhiteClock "0:01:11"]
[BlackClock "0:00:47"]

1. e4 e6 2. d4 d5 3. Nd2 Be7 4. Ngf3 Nf6 5. Bd3 c5 6. exd5 exd5 7. dxc5 Bxc5 8. O-O O-O 9. Nb3 Bb6 10. h3 h6 11. Nbd4 Nc6 12. c3 a6 13. Be3 Bc7 14. Re1 Qd6 15. Qc2 Re8 16. Rad1 Bd7 17. a3 Rac8 18. c4 dxc4 19. Bxc4 Nxd4 20. Rxd4 Qc6 21. Rc1 Bb6 22. Qb3 Kh8 23. Bxf7 Rxe3 24. Rxc6 Rxb3 25. Rxc8+ Bxc8 26. Bxb3 Bxd4 27. Nxd4 Ne4 28. f3 Nc5 29. Bc2 b6 30. b4 Ne6 31. Nxe6 Bxe6 32. Kf2 a5 33. Ke3 Kg8 34. bxa5 bxa5 35. Kd4 Bd7 36. Kc5 Kf7 37. Kb6 a4 38. Ka5 Be6 39. Kxa4 Kf6 40. Kb5 Bd7+ 41. Kc5 Bc8 42. h4 Ba6 43. a4 h5 44. a5 Bf1 45. g3 Bg2 46. f4 Ke6 47. a6 Bf1 48. a7 Bg2 49. Bb3+ 1-0


[Site "https://www.chess.com"]

[Event "Titled Tuesday Blitz September 21 2021"]
[White "Vivas Zamora, Fabian Ernesto"]
[Black "Boyer, Mahel"]
[WhiteFideId "3902480"]
[BlackFideId "45102422"]
[WhiteElo "1966"]
[BlackElo "2328"]
[Result "0-1"]
[Round "03"]
[TimeControl "180+1"]
[Date "2021.09.21"]
[WhiteClock "0:00:02"]
[BlackClock "0:01:18"]

1. c4 e6 2. Nf3 d5 3. b3 Qf6 4. Nc3 d4 5. Nb5 Qd8 6. Nbxd4 e5 7. Nc2 e4 8. Nfd4 a6 9. e3 c5 10. Ne2 Bf5 11. Bb2 Nc6 12. Ng3 Bg6 13. h4 h5 14. Be2 Nf6 15. Bxf6 Qxf6 16. Bxh5 Ne5 17. Be2 Rxh4 18. Rxh4 Qxh4 19. Kf1 O-O-O 20. Ne1 Be7 21. Rb1 Rh8 22. Kg1 Qh2+ 23. Kf1 Qh1+ 24. Nxh1 Rxh1# 0-1


[Site "https://www.chess.com"]

[Event "Titled Tuesday Blitz September 21 2021"]
[White "Wagner, Dennis"]
[Black "Zavivaeva, Emilia"]
[WhiteFideId "24650684"]
[BlackFideId "34127531"]
[WhiteElo "2355"]
[BlackElo "1732"]
[Result "0-1"]
[Round "03"]
[TimeControl "180+1"]
[Date "2021.09.21"]
[WhiteClock "0:00:00"]
[BlackClock "0:00:15"]

1. d4 d5 2. Nf3 Nf6 3. c4 e6 4. g3 Be7 5. Bg2 O-O 6. O-O b6 7. cxd5 Nxd5 8. e4 Nf6 9. Nc3 Bb7 10. Re1 Nbd7 11. Bf4 c5 12. d5 exd5 13. exd5 Re8 14. d6 Bf8 15. Qb3 Ne4 16. Nxe4 Bxe4 17. Ng5 Bxg2 18. Qxf7+ Kh8 19. Kxg2 Nf6 20. Qc4 Qd7 21. Nf7+ Kg8 22. Re7 Rxe7 23. dxe7 Qxe7 24. Nd6+ Kh8 25. Re1 Qd7 26. Nf7+ Kg8 27. Nd6+ Kh8 28. Rd1 Bxd6 29. Rxd6 Qb7+ 30. f3 Re8 31. Qd3 b5 32. Bg5 c4 33. Qd2 Ng8 34. h4 Rf8 35. Bf4 h6 36. Qd5 Qe7 37. Be5 Qf7 0-1


[Site "https://www.chess.com"]

[Event "Titled Tuesday Blitz September 21 2021"]
[White "Weetik, Vjacheslav"]
[Black "Vrencian, Lehel"]
[WhiteFideId "4153472"]
[BlackFideId "1230999"]
[WhiteElo "2469"]
[BlackElo "2058"]
[Result "1-0"]
[Round "03"]
[TimeControl "180+1"]
[Date "2021.09.21"]
[WhiteClock "0:00:59"]
[BlackClock "0:01:11"]

1. e4 c5 2. Nf3 e6 3. d4 cxd4 4. Nxd4 Nf6 5. Nc3 d6 6. g4 h6 7. Rg1 g5 8. h4 Nfd7 9. hxg5 hxg5 10. Be3 Ne5 11. Qd2 Be7 12. O-O-O a6 13. f4 gxf4 14. Bxf4 Nbd7 15. g5 b5 16. g6 Nxg6 17. Rxg6 fxg6 18. Nxe6 Qa5 19. Bxd6 Bxd6 20. Qxd6 Ra7 21. Nd5 Rh7 22. Nf6+ Nxf6 23. Qf8# 1-0


[Site "https://www.chess.com"]